 Dungeon Crawl Stone Soup version 0.23-a0-677-g07611c5 (webtiles) character file.

392 tatocazan the Slasher (level 6, -12/43 HPs)
             Began as an Octopode Fighter on Jan 9, 2019.
             Splashed by Ijyb's acid (17 damage)
             ... on level 5 of the Dungeon.
             The game lasted 00:04:41 (4208 turns).

tatocazan the Slasher (Octopode Fighter)            Turns: 4208, Time: 00:04:42

Health: -12/43     AC:  1    Str: 16    XL:     6   Next: 81%
Magic:  6/6        EV: 13    Int: 10    God:
Gold:   179        SH:  9    Dex: 13    Spells: 5/5 levels left

rFire    . . .     SeeInvis .   a - +0 long sword
rCold    . . .     Gourm    .   b - +0 shield
rNeg     . . .     Faith    .   (helmet restricted)
rPois    .         Spirit   .   (no amulet)
rElec    .         Reflect  .   (no ring)
rCorr    .         Harm     .   (no ring)
MR       .....                  (no ring)
Stlth    +++.......             (no ring)
HPRegen  0.14/turn              (no ring)
MPRegen  0.10/turn              (no ring)
                                (no ring)
                                (no ring)

@: no status effects
A: almost no armour, stealthy swim, amphibious, 8 rings, constrict 8, camouflage
1, gelatinous body 1
a: no special abilities


You were on level 5 of the Dungeon.
You were not hungry.

You visited 1 branch of the dungeon, and saw 5 of its levels.

You collected 179 gold pieces.

Inventory:

Hand Weapons
 a - a +0 long sword (weapon)
 m - a cursed -3 whip
 r - a +0 whip of venom
Armour
 b - a +0 shield (worn)
Jewellery
 e - an uncursed amulet of faith {unknown}
 s - a cursed amulet of inaccuracy {unknown}
Scrolls
 f - a scroll of enchant weapon {unknown}
 g - 2 scrolls of identify {unknown}
 h - 2 scrolls of teleportation
 i - 2 scrolls of remove curse {unknown}
 j - 2 scrolls of fear {unknown}
 l - 2 scrolls of amnesia {unknown}
 p - a scroll of blinking {unknown}
 t - a scroll of random uselessness {unknown}
Potions
 c - 3 potions of might
 k - 4 potions of heal wounds {unknown}
 n - a potion of resistance {unknown}
 o - 4 potions of curing {unknown}
 u - 2 potions of flight {unknown}
 v - a potion of brilliance {unknown}
 w - a potion of mutation {unknown}
Comestibles
 d - 12 rations


   Skills:
 + Level 4.1 Fighting
 * Level 4.2 Long Blades
 + Level 4.1 Dodging
 + Level 3.3 Stealth
 + Level 4.1 Shields


You had 5 spell levels left.
You didn't know any spells.
Your spell library contained the following spells:

 Spells                   Type           Power        Failure   Level  Hunger
 Animate Skeleton         Necr           N/A          83%         1    ##.....
 Apportation              Tloc           #.....       83%         1    ##.....
 Confusing Touch          Hex            #.....       83%         1    ##.....
 Summon Small Mammal      Summ           #...         83%         1    ##.....


Dungeon Overview and Level Annotations

Branches:
Dungeon (5/15)
 Temple: D:4-7

Altars:
Cheibriados
Fedhas
Okawaru
Qazlal
Ru
Vehumet

Annotations:
D:5 Ijyb


Innate Abilities, Weirdness & Mutations

You cannot wear most types of armour.
You are very stealthy in the water. (Stealth+)
You are amphibious.
You can wear up to eight rings at the same time.
You can use your tentacles to constrict eight enemies at once.
Your skin changes colour to match your surroundings (Stealth+).
Your rubbery body absorbs attacks. (AC +1, EV +1)


Message History

Ijyb is moderately wounded.
You hit Ijyb but do no damage.
Ijyb is moderately wounded.
You constrict Ijyb.
Ijyb screams, "You nasty!
Big nasty!"
Ijyb zaps a wand.
The bolt of acid misses you.
You hit Ijyb but do no damage. You squeeze Ijyb.
Ijyb is severely wounded.
You constrict Ijyb.
Ijyb zaps a wand.
The bolt of acid hits you!
You are splashed with acid!
The acid burns!
You take 26 damage, and have 17/43 hp.
MASSIVE DAMAGE!!
You are too injured to fight recklessly!
You are too injured to fight recklessly!
You are too injured to fight recklessly!
You hit Ijyb but do no damage.
Ijyb is almost dead.
You constrict Ijyb.
Ijyb zaps a wand.
The bolt of acid hits you!
* * * LOW HITPOINT WARNING * * *
You are splashed with acid!
The acid burns!
You die...

#.. ##.. #.># ^
#..# #. #..# ..
#..# . #. #g.# .#
#.#.@# #####.#
#....####<....##.
#.##.##..........
..#..#.##.......###
#..................
###....###..####...
#..#... ##.....###
#.##.#. #####.# #..
.. .#


You could see Ijyb.

Vanquished Creatures
  2 orc priests
  A hound (D:4)
  An iguana (D:4)
  Terence (D:2)
  3 orc wizards
  5 adders
  4 oozes
  2 worms (D:3)
  A dart slug (D:4)
  A leopard gecko (D:2)
  13 orcs
  7 bats
  2 giant cockroaches
  9 hobgoblins
  4 jackals
  8 kobolds
  2 quokkas
  A ball python (D:2)
  3 frilled lizards
  13 goblins
  10 rats
93 creatures vanquished.

Notes
Turn   | Place    | Note
-------+----------+-------------------------------------------
     0 | D:1      | tatocazan the Octopode Fighter began the quest for the Orb.
     0 | D:1      | Reached XP level 1. HP: 16/16 MP: 1/1
   183 | D:1      | Reached XP level 2. HP: 21/21 MP: 2/2
   530 | D:1      | Reached skill level 1 in Stealth
   530 | D:1      | Reached XP level 3. HP: 26/26 MP: 3/3
  1075 | D:2      | Found a blossoming altar of Fedhas.
  1129 | D:2      | Noticed Terence
  1139 | D:2      | Killed Terence
  1139 | D:2      | Reached XP level 4. HP: 21/31 MP: 4/4
  1927 | D:3      | Found a stormy altar of Qazlal.
  1934 | D:3      | Reached XP level 5. HP: 34/36 MP: 5/5
  2644 | D:3      | Found a snail-covered altar of Cheibriados.
  2885 | D:3      | Reached XP level 6. HP: 43/43 MP: 6/6
  3408 | D:4      | Found an iron altar of Okawaru.
  3424 | D:4      | Found a sacrificial altar of Ru.
  3732 | D:4      | Found a radiant altar of Vehumet.
  4190 | D:5      | Entered Level 5 of the Dungeon
  4199 | D:5      | Noticed Ijyb
  4208 | D:5      | Splashed by Ijyb's acid

Vault maps used:
D:1:      erik_arrival_gehennom
D:2:      fedhas_altar_3, uniq_terence
D:3:      corexii_shack_village, nicolae_overflow_crystal_walls,
          old_standard_altar, first_ration
D:4:      old_standard_altar, kennysheep_mini, okawaru_ov_weapons_minmay
D:5:      uniq_ijyb, uniq_edmund, uniq_eustachio

Skill      XL: |  1  2  3  4  5  6 |
---------------+-------------------+-----
Stealth        | 1 2 3 |  3.3
Long Blades    | 3 4 |  4.2
Shields        | 4 |  4.1
Fighting       | 4 |  4.1
Dodging        | 4 |  4.1

Action                   |  1- 3 |  4- 6 || total
-------------------------+-------+-------++-------
Melee: Long sword        |    57 |   112 ||   169
       Constrict         |    18 |    29 ||    47
       Tentacles         |    10 |    29 ||    39
  Use: Scroll            |       |     1 ||     1
 Stab: Sleeping          |     4 |    16 ||    20
  Eat: Chunk             |     1 |     9 ||    10
Armor: Skin              |     5 |     9 ||    14
Dodge: Dodged            |    28 |    48 ||    76
Block: Shield            |    24 |    45 ||    69
       Rpst.: Long sword |     7 |    19 ||    26

Table legend:
 A = Non-vault XP
 B = Vault XP
 C = Vault XP percentage of total XP
 D = Non-vault monster count
 E = Vault monster count
 F = Vault count percentage of total count
                 A         B        C        D         E       F
            +---------+---------+-------+---------+---------+-------
      Total |     482 |      79 |  14.1 |      75 |      18 |  19.4
            +---------+---------+-------+---------+---------+-------
        D:1 |      27 |      18 |  40.0 |      17 |       5 |  22.7
        D:2 |      67 |      36 |  35.0 |      17 |       1 |   5.6
        D:3 |     163 |      25 |  13.3 |      29 |      12 |  29.3
        D:4 |     225 |       0 |   0.0 |      12 |       0 |   0.0
            +---------+---------+-------+---------+---------+-------
